[Event "1000GM Winter GM Norm-2 2024"]
[Site "Sunnyvale/"]
[Date "2024.01.03"]
[Round "2.9"]
[White "Galyas, Miklos"]
[Black "Nathan, Nitish"]
[Result "1/2-1/2"]
[ECO "A11"]
[WhiteElo "2423"]
[BlackElo "2190"]
[Annotator "RC"]
[PlyCount "83"]
[EventDate "2023.12.14"]
[EventType "schev"]
[EventCountry "USA"]
[SourceTitle "playchess.com"]
[Source "ChessBase"]
[SourceQuality "1"]
[TimeControl "5400+30"]

1. c4 c6 2. Nf3 Nf6 3. g3 d5 4. Bg2 Bf5 5. Qb3 Qb6 6. d3 e6 7. Be3 Qxb3 8. axb3 a6 9. Nh4 Bg6 10. Nxg6 hxg6 11. Nc3 Nbd7 12. d4 Be7 13. Bf4 O-O 14. O-O Rfe8 15. Rad1 Nb6 16. c5 Nbd7 17. b4 Rac8 18. Rfe1 Bd8 19. e3 Bc7 20. Bxc7 Rxc7 21. f4 Rcc8 22. Bf3 Kf8 23. g4 Ng8 24. e4 f5 25. exd5 exd5 26. g5 Rxe1+ 27. Rxe1 Ne7 28. Ne2 Re8 29. Nc1 Nc8 30. Rxe8+ Kxe8 31. Kf2 Ne7 32. Ke3 Kd8 33. h4 Kc7 34. Be2 Nf8 35. Bd3 Kd7 36. Ne2 Ke6 37. Ng1 Nd7 38. Nf3 Nf8 39. Ng1 Kd7 40. Ne2 Ke6 41. Ng3 Nd7 42. Ne2 1/2-1/2

[Event "1000GM Winter GM Norm-2 2024"]
[Site "Sunnyvale/"]
[Date "2024.01.04"]
[Round "3.1"]
[White "Rajaram, Rohan"]
[Black "Delgado Ramirez, Neuris"]
[Result "0-1"]
[ECO "E15"]
[WhiteElo "2151"]
[BlackElo "2517"]
[Annotator "TA"]
[PlyCount "74"]
[EventDate "2023.12.14"]
[EventType "schev"]
[EventCountry "USA"]
[SourceTitle "playchess.com"]
[Source "ChessBase"]
[SourceQuality "1"]
[TimeControl "5400+30"]

1. d4 Nf6 2. c4 e6 3. Nf3 b6 4. g3 Ba6 5. Nbd2 Bb4 6. Qc2 Bb7 7. Bg2 Be4 8. Qd1 Bxd2+ 9. Bxd2 {[%emt 0:00:00] has lost popularity (9.Qxd2).} O-O 10. O-O d6 {[%emt 0:00:16] E15: Queen's Indian: 4 g3 sidelines, 4 g3 Ba6 and 4 g3 Bb7 early deviations.} 11. Rc1 Nbd7 {[%emt 0:00:29] [#]} 12. Bf4 $146 ({Predecessor:} 12. Bh3 Bb7 13. Qb3 Qe7 14. Rfd1 Rfe8 15. Qa3 a5 16. Be3 h6 17. Bg2 Be4 18. h3 {½-½ Zhang,Z (2323)-Wang,H (2638) Shandong zt 3.5 2007 (1)}) 12... Re8 {[%emt 0:01:26] The position is equal.} 13. Qb3 h6 14. Rfd1 Qe7 15. Qc3 a5 16. a3 a4 17. Nd2 Bxg2 18. Kxg2 c5 {[%emt 0:04:46] White must now prevent ...cxd4.} 19. Be3 Rec8 20. Nf3 d5 21. cxd5 exd5 22. Qc2 Qe6 23. Bf4 Ne4 24. Nd2 (24. h4 $15) 24... Ndf6 (24... cxd4 $19 {is more deadly.} 25. Qxc8+ Rxc8 26. Rxc8+ Nf8) 25. Nxe4 dxe4 26. dxc5 Rxc5 27. Qd2 {[%emt 0:00:00] White is weak on the light squares} Rd5 {[%emt 0:02:51] Black is more active.} (27... Rh5 $17 {( -> ...Qh3+)} 28. h4 g5) 28. Qc3 ({Better is} 28. Qc2 $15) 28... Rh5 $1 $36 {[%emt 0:05:18][%mdl 2048] Keeping White busy.} 29. h4 {[%emt 0:00:00] [#]} Nd5 $1 30. Qd2 {[%emt 0:00:00] [#]} (30. Qc6 $17 {was worth a try.} Nxf4+ 31. gxf4 Qg4+ 32. Kf1) 30... Rd8 $1 $19 31. Kg1 {[%emt 0:00:00] [#]} (31. Be3 {was necessary.}) 31... g5 $1 32. Bc7 (32. hxg5 $2 {gets mated.} Qh3 33. f3 Qh1+ 34. Kf2 Rh2#) 32... Rd7 33. Bb8 gxh4 34. Qd4 $2 (34. g4 Qxg4+ 35. Kh2) 34... Nf6 35. Qe3 hxg3 36. Rxd7 Rh1+ {[%emt 0:00:56][%mdl 64] Decoy, Back Rank} 37. Kxh1 Qh3+ {[%emt 0:00:06][%mdl 32768] A cool game by Delgado Ramirez.   Weighted Error Value: White=0.71/Black=0.08 (flawless) . Loss on time!?} 0-1

[Event "1000GM Winter GM Norm-2 2024"]
[Site "Sunnyvale/"]
[Date "2024.01.04"]
[Round "3.3"]
[White "Wang, Isaac"]
[Black "Mosquera, Miguel"]
[Result "1-0"]
[ECO "D15"]
[WhiteElo "2316"]
[BlackElo "2365"]
[Annotator "RC"]
[PlyCount "71"]
[EventDate "2023.12.14"]
[EventType "schev"]
[EventCountry "USA"]
[SourceTitle "playchess.com"]
[Source "ChessBase"]
[SourceQuality "1"]
[TimeControl "5400+30"]

1. d4 d5 2. c4 c6 3. Nc3 Nf6 4. Nf3 dxc4 5. e4 b5 6. Be2 e6 7. a4 b4 8. e5 bxc3 9. exf6 gxf6 10. bxc3 c5 11. Bxc4 Ba6 12. Bxa6 Nxa6 13. O-O Nc7 14. Qe2 Bd6 15. dxc5 Bxc5 16. Rd1 Qc8 17. Qe4 Qa6 18. Bf4 Rc8 19. Rab1 Be7 20. c4 h5 21. h3 e5 22. Be3 Ne6 23. Nh4 Rxc4 24. Qd3 O-O 25. Nf5 Bd8 26. Bh6 Bb6 27. Qg3+ Kh7 28. Bxf8 Rf4 29. Rxb6 Qxb6 30. Rd7 Qb1+ 31. Kh2 Ng5 32. Rxf7+ Kg6 33. Nd6 h4 34. Rg7+ Kh5 35. Qe3 Qc2 36. Nf7 1-0

[Event "1000GM Winter GM Norm-2 2024"]
[Site "Sunnyvale/"]
[Date "2024.01.04"]
[Round "3.4"]
[White "Amburgy, Ryan"]
[Black "Nagy, Gabor"]
[Result "1-0"]
[ECO "A17"]
[WhiteElo "2200"]
[BlackElo "2450"]
[Annotator "RC"]
[PlyCount "99"]
[EventDate "2023.12.14"]
[EventType "schev"]
[EventCountry "USA"]
[SourceTitle "playchess.com"]
[Source "ChessBase"]
[SourceQuality "1"]
[TimeControl "5400+30"]

1. Nf3 Nf6 2. c4 e6 3. Nc3 Bb4 4. Qc2 d6 5. a3 Bxc3 6. Qxc3 e5 7. g3 O-O 8. Bg2 c5 9. b4 e4 10. Ng5 d5 11. O-O h6 12. Nh3 d4 13. Qb3 Nc6 14. Nf4 Re8 15. d3 cxb4 16. axb4 Bf5 17. Bb2 exd3 18. exd3 Qd7 19. Nd5 Nxd5 20. cxd5 Ne5 21. Bxd4 Bh3 22. Rfe1 Bxg2 23. Kxg2 Ng6 24. Re4 f5 25. Rxe8+ Rxe8 26. f4 b6 27. d6+ Kh7 28. Qd5 Re6 29. Be5 Qf7 30. Kh1 Nf8 31. Rc1 Nd7 32. g4 fxg4 33. Qe4+ Rg6 34. Kg1 a5 35. bxa5 Nc5 36. Rxc5 bxc5 37. a6 Qa2 38. d7 Qb1+ 39. Kg2 Qc2+ 40. Kg3 Qd1 41. d8=Q Qg1+ 42. Qg2 Qe3+ 43. Kh4 c4 44. Qd4 Qe1+ 45. Qgf2 Qa5 46. Kg3 h5 47. h4 gxh3+ 48. Kxh3 Qxa6 49. Qxc4 Qa7 50. Qxa7 1-0

[Event "1000GM Winter GM Norm-2 2024"]
[Site "Sunnyvale/"]
[Date "2024.01.04"]
[Round "3.5"]
[White "Miezis, Normunds"]
[Black "Guo, Andrew"]
[Result "1-0"]
[ECO "A25"]
[WhiteElo "2419"]
[BlackElo "2255"]
[Annotator "RC"]
[PlyCount "105"]
[EventDate "2023.12.14"]
[EventType "schev"]
[EventCountry "USA"]
[SourceTitle "playchess.com"]
[Source "ChessBase"]
[SourceQuality "1"]
[TimeControl "5400+30"]

1. c4 e5 2. Nc3 Nc6 3. g3 Bb4 4. Nd5 Be7 5. Bg2 Nf6 6. a3 d6 7. e3 O-O 8. Ne2 Bg4 9. h3 Bf5 10. d3 Qd7 11. g4 Bg6 12. Nxe7+ Qxe7 13. Nc3 Nd7 14. h4 h6 15. b4 a6 16. g5 hxg5 17. Nd5 Qd8 18. e4 Nd4 19. Bxg5 f6 20. Be3 c6 21. Bxd4 cxd5 22. Be3 d4 23. Bd2 Qe7 24. h5 Bh7 25. h6 g6 26. Bh3 Rfd8 27. Rc1 Rac8 28. Qg4 Kf7 29. Rg1 Rc7 30. Qg3 Rg8 31. f4 exf4 32. Bxf4 Ne5 33. Rf1 g5 34. Bxe5 Qxe5 35. Qxe5 dxe5 36. Bg4 Bg6 37. Ke2 Rh8 38. Rh1 Ke8 39. b5 axb5 40. cxb5 Rxc1 41. Rf1 Rd1 42. Rxd1 Rxh6 43. Rc1 Ke7 44. Rc7+ Kd6 45. Rxb7 Rh2+ 46. Ke1 Kc5 47. a4 Rh1+ 48. Kf2 Rh7 49. Rb8 Ra7 50. b6 Re7 51. a5 Kb5 52. b7 Ka6 53. Bc8 1-0

[Event "1000GM Winter GM Norm-2 2024"]
[Site "Sunnyvale/"]
[Date "2024.01.04"]
[Round "3.6"]
[White "Figueredo Losada, Leonel"]
[Black "Shivakumar, Shawnak"]
[Result "1-0"]
[ECO "D12"]
[WhiteElo "2381"]
[BlackElo "2307"]
[Annotator "RC"]
[PlyCount "83"]
[EventDate "2023.12.14"]
[EventType "schev"]
[EventCountry "USA"]
[SourceTitle "playchess.com"]
[Source "ChessBase"]
[SourceQuality "1"]
[TimeControl "5400+30"]

1. d4 d5 2. c4 c6 3. Nf3 Nf6 4. e3 Bf5 5. Nc3 e6 6. Nh4 Bg6 7. Bd2 Nbd7 8. cxd5 exd5 9. Nxg6 hxg6 10. Qc2 Bd6 11. O-O-O Ng4 12. Be1 Rxh2 13. Rxh2 Nxh2 14. Be2 Qg5 15. g3 Nf6 16. Bd2 Qf5 17. f3 Qxc2+ 18. Kxc2 O-O-O 19. g4 g5 20. Rh1 Rh8 21. Bf1 Rh6 22. Bg2 Nh7 23. e4 Bf4 24. exd5 Nf8 25. Ne4 Ng6 26. Nxg5 Bxd2 27. Kxd2 Nf4 28. Nxf7 Rh4 29. Nd6+ Kc7 30. Nf5 Nxg2 31. Nxh4 Nxh4 32. f4 cxd5 33. f5 Kd6 34. Ke3 N2f3 35. Kf4 Ke7 36. Rh3 Nxf5 37. gxf5 Nxd4 38. Ke5 Ne2 39. Re3 Nc1 40. Rc3 Nxa2 41. Rc7+ Kf8 42. Rxb7 1-0

[Event "1000GM Winter GM Norm-2 2024"]
[Site "Sunnyvale/"]
[Date "2024.01.04"]
[Round "3.7"]
[White "Galyas, Miklos"]
[Black "Sathish, Pranav"]
[Result "1-0"]
[ECO "D02"]
[WhiteElo "2423"]
[BlackElo "2357"]
[Annotator "RC"]
[PlyCount "111"]
[EventDate "2023.12.14"]
[EventType "schev"]
[EventCountry "USA"]
[SourceTitle "playchess.com"]
[Source "ChessBase"]
[SourceQuality "1"]
[TimeControl "5400+30"]

1. d4 d5 2. Nf3 Nf6 3. Bf4 Bf5 4. e3 e6 5. Ne5 Nbd7 6. g4 Nxe5 7. gxf5 Nc6 8. fxe6 fxe6 9. Nc3 Bd6 10. Bg3 e5 11. Bg2 exd4 12. exd4 Qe7+ 13. Qe2 Qxe2+ 14. Nxe2 Rd8 15. O-O-O Kf7 16. Nf4 Rhe8 17. c3 Nb8 18. Rde1 c6 19. Nd3 Bxg3 20. hxg3 Nbd7 21. f4 Rxe1+ 22. Rxe1 Re8 23. Ne5+ Kf8 24. Kd2 Re7 25. Kd3 g6 26. Bf3 Kg7 27. g4 h6 28. Re2 g5 29. f5 Nf8 30. b3 N6d7 31. c4 dxc4+ 32. bxc4 Kf6 33. Nxd7+ Nxd7 34. Rb2 Nb6 35. c5 Nd5 36. Bxd5 cxd5 37. Rh2 Rh7 38. Rh5 Rh8 39. a4 Kg7 40. a5 Re8 41. Rh1 Re4 42. a6 bxa6 43. c6 Re8 44. Ra1 Rc8 45. Rxa6 Rc7 46. Kc3 h5 47. gxh5 Kh6 48. Kb4 Kxh5 49. Kc5 Kg4 50. Kxd5 Kxf5 51. Kc5 g4 52. d5 g3 53. d6 g2 54. Ra1 Rh7 55. c7 Rh8 56. d7 1-0

[Event "1000GM Winter GM Norm-2 2024"]
[Site "Sunnyvale/"]
[Date "2024.01.04"]
[Round "3.8"]
[White "Sheng, Joshua"]
[Black "Liu, Eric"]
[Result "1-0"]
[ECO "B55"]
[WhiteElo "2461"]
[BlackElo "2332"]
[Annotator "TA"]
[PlyCount "95"]
[EventDate "2023.12.14"]
[EventType "schev"]
[EventCountry "USA"]
[SourceTitle "playchess.com"]
[Source "ChessBase"]
[SourceQuality "1"]
[TimeControl "5400+30"]

1. e4 c5 2. Nf3 d6 3. d4 cxd4 4. Nxd4 Nf6 5. Bd3 Nc6 6. Be3 {[%emt 0:00:04] B55: Sicilian: 2...d6 3 d4 cxd4 4 Nxd4 Nf6 5 f3.} Ng4 7. Nxc6 bxc6 8. Bd2 {[%emt 0:00:40] The position is equal.} e5 9. O-O Be7 10. c4 O-O {[%emt 0:01:59] [#]} 11. h3 $146 ({Predecessor:} 11. Nc3 a5 12. h3 Nf6 13. Be3 Nd7 14. Bc2 Nc5 15. Qd2 Ne6 16. Ba4 Bb7 17. Rad1 {½-½ Abdusattorov,N (2688)-Muradli,M (2523) Chess.com Rapid Wk20 Swiss 2022 (7)}) 11... Nf6 12. Bc3 Be6 13. Nd2 Nd7 14. Re1 g6 15. Bc2 f5 (15... Qc7 $11) 16. exf5 $14 Bxf5 17. Nf1 (17. Bxf5 $16 gxf5 18. b4) 17... a5 (17... Be6 $5 ) 18. Ne3 Bxc2 19. Qxc2 Rf7 20. Rad1 Qb6 21. Ng4 {[%emt 0:11:36] aiming for Nh6+.} Bf8 {[%emt 0:05:57] Dodges Nh6+} 22. Re2 (22. Bd2 $5 ) 22... Nc5 23. Red2 Qc7 24. a3 a4 25. Bb4 {[%emt 0:00:03] Black must now prevent Bxc5.} Nb7 26. g3 Rf5 27. Qe4 Rc8 28. Kg2 {[%emt 0:03:24] White is much more active.} Kh8 29. h4 Kg8 {[%emt 0:01:55] [#]} 30. h5 Qg7 $2 {[%emt 0:00:17] [#]} (30... Qf7 $1 $14) 31. hxg6 $2 ({White has to play} 31. f4 $1 $18 ) 31... Qxg6 {[%emt 0:00:21] And now ...h5 would win.} 32. f3 Rg5 33. Re2 (33. Rh1 $14) 33... Qg7 (33... h5 {simplifies} 34. Qxg6+ Rxg6 35. Nf2 h4) 34. Rh1 h5 35. Bd2 $36 {[%emt 0:00:26][%cal Bb4d2,Bd2g5,Bg5f6,Bf6c3][%mdl 2080] White has the initiative.} Nc5 (35... hxg4 $2 36. Bxg5 gxf3+ 37. Kxf3 $18) 36. Qc2 (36. Qe3 $2 Be7 37. Qc3 hxg4 $19) 36... e4 (36... hxg4 $16 37. Bxg5 gxf3+ 38. Kxf3 e4+ 39. Rxe4 Nxe4 40. Qxe4 Qf7+ 41. Kg2 Re8) 37. Bxg5 $18 hxg4 (37... exf3+ $2 38. Kf2 fxe2 39. Nf6+ Kf7 40. Qf5 $18 (40. Nxh5 $2 Qxg5 41. Qxe2 Re8 $19) (40. Rxh5 $2 Qg6 $19)) 38. f4 {[%emt 0:00:59] Hoping for Qd2.} d5 $2 (38... Qg6 $16 39. Rh4 (39. Qc3 Bg7 $14) 39... Bg7) 39. cxd5 cxd5 40. Rd2 {[%emt 0:00:56][%cal Be2d2,Bd2d5,Bd5g5,Bg5g7][%mdl 32] Strongly threatening Qd1.} Qd7 {[%emt 0:01:08] [#]} 41. Qd1 ({Of course not} 41. Qc3 $6 Bg7 42. Qc1 Nb3 $11) 41... Nb3 $2 {[%emt 0:01:14][%mdl 8192] [#]} (41... e3 $16 42. Rxd5 Qe6) 42. Bf6 $1 Qe6 {[%emt 0:00:41] Threatens to win with ...e3.} (42... Rc1 43. Rh8+) 43. Rxd5 {[%emt 0:00:14][%cal Od5d7] Intending Rd7! and mate.} e3 44. Bc3 Qe4+ 45. Kg1 {[%emt 0:00:22] White mates.} e2 46. Rg5+ Kf7 47. Qd7+ Be7 48. Rg7+ {[%emt 0:00:06] A superb game by Sheng.   Weighted Error Value: White=0.31/Black=0.61} 1-0

[Event "1000GM Winter GM Norm-2 2024"]
[Site "Sunnyvale/"]
[Date "2024.01.04"]
[Round "3.9"]
[White "Nathan, Nitish"]
[Black "Xu, Yi"]
[Result "0-1"]
[ECO "A40"]
[WhiteElo "2190"]
[BlackElo "2511"]
[Annotator "TA"]
[PlyCount "80"]
[EventDate "2023.12.14"]
[EventType "schev"]
[EventCountry "USA"]
[SourceTitle "playchess.com"]
[Source "ChessBase"]
[SourceQuality "1"]
[TimeControl "5400+30"]

1. d4 e6 2. Bf4 c5 3. e3 Qb6 4. Nc3 Nf6 5. Rb1 a6 6. Nf3 {[%emt 0:01:58] A40: Unusual replies to 1 d4.} d5 7. Be2 Bd7 {[%emt 0:00:29] [#]} 8. dxc5 $146 {[%emt 0:01:56] The position is equal.} ({Predecessor:} 8. O-O Be7 9. Ne5 O-O 10. dxc5 Qxc5 11. Bf3 Rc8 12. Qd2 Be8 13. Rfc1 Nc6 14. Rd1 {0-1 Nevado Jimenez,S (1703)-Escalante Ramirez,B (2496) Valencia Cuna op 3rd 2022 (1)}) 8... Bxc5 9. O-O O-O 10. h3 Be7 11. Bd3 Bc6 12. Ne5 Nbd7 13. Nxd7 Nxd7 (13... Bxd7 14. Be5 $11) 14. Bh2 Nc5 15. Qe2 Rfd8 16. Rfd1 Bf6 17. Qg4 Nxd3 18. cxd3 d4 $1 19. Ne4 Bxe4 20. Qxe4 Rac8 21. Rd2 {[%emt 0:03:46] Dodges Rc2} Qa5 22. Rdd1 Rc6 (22... Qxa2 23. Qxb7 dxe3 24. fxe3 $15) 23. a3 Qb6 24. Bg3 h6 25. b4 Rc3 26. a4 (26. Rbc1 $17) 26... dxe3 $19 27. fxe3 Bg5 28. Bf2 f5 {[%emt 0:01:47] Black is more active.} 29. Qe5 Rcxd3 30. Rxd3 Rxd3 31. a5 (31. Qc5 {keeps fighting.} Qd8 32. a5) 31... Qc6 32. b5 axb5 33. Qxb5 {[%emt 0:00:58] [#]} Qe4 ({Avoid the trap} 33... Rd1+ $2 34. Kh2 Rxb1 35. Qxb1 $19) 34. Rb4 Rd1+ 35. Kh2 Qc2 36. Rb2 {[%emt 0:01:42] [#]} Qc7+ (36... Qc1 $1 $19 {has better winning chances. ( -> ...f4)} 37. g3 (37. Qxb7 $2 {too greedy.} Rh1+ 38. Kg3 h5 $19) (37. Qe8+ $2 Kh7 $19) 37... Bxe3 38. Qe8+ Kh7 39. Qxe6 Qxb2 40. Qxf5+ g6 41. Qf7+ Qg7 42. Qxg7+ Kxg7 43. Bxe3 Rd5) 37. Bg3 {[%emt 0:03:42][%mdl 8192] This move loses the game for White.} (37. g3 $17) 37... Qc1 38. Bf2 f4 39. exf4 Rh1+ 40. Kg3 Qxf4# {[%emt 0:00:19] Weighted Error Value: White=0.53/Black=0.12 (very precise)} 0-1

[Event "1000GM Winter GM Norm-2 2024"]
[Site "Sunnyvale/"]
[Date "2024.01.04"]
[Round "4.1"]
[White "Lou, Yiping"]
[Black "Rajaram, Rohan"]
[Result "1-0"]
[ECO "A25"]
[WhiteElo "2447"]
[BlackElo "2151"]
[Annotator "RC"]
[PlyCount "115"]
[EventDate "2023.12.14"]
[EventType "schev"]
[EventCountry "USA"]
[SourceTitle "playchess.com"]
[Source "ChessBase"]
[SourceQuality "1"]
[TimeControl "5400+30"]

1. c4 e5 2. Nc3 Nc6 3. g3 g6 4. Bg2 Bg7 5. d3 d6 6. e3 f5 7. Nge2 Nf6 8. O-O O-O 9. b3 Rb8 10. Bb2 g5 11. f4 gxf4 12. exf4 Re8 13. Qd2 Be6 14. Rae1 Qd7 15. Nd1 Rbd8 16. d4 exd4 17. Nxd4 Nxd4 18. Bxd4 c5 19. Bb2 Qf7 20. Ne3 Re7 21. Re2 Red7 22. Rfe1 Kh8 23. Qc2 Qh5 24. Nf1 Bf7 25. Re7 Rxe7 26. Rxe7 Re8 27. Rxe8+ Nxe8 28. Bxb7 Qg6 29. Ne3 Be6 30. Bd5 Bxd5 31. Nxd5 Qe6 32. Bxg7+ Nxg7 33. Kf2 Qh6 34. Kf1 Qh3+ 35. Kg1 Ne6 36. Qe2 Qh6 37. Kg2 Qg6 38. a3 Kg7 39. b4 cxb4 40. axb4 h5 41. Qa2 Qf7 42. Qa6 h4 43. Qxd6 hxg3 44. hxg3 Qg6 45. c5 Kh7 46. c6 Qf7 47. c7 Nxc7 48. Qxc7 Qxc7 49. Nxc7 Kg7 50. Nb5 a6 51. Nc7 Kf7 52. Nxa6 Ke7 53. b5 Kd7 54. g4 fxg4 55. f5 Kd6 56. f6 Ke6 57. b6 Kxf6 58. b7 1-0

[Event "1000GM Winter GM Norm-2 2024"]
[Site "Sunnyvale/"]
[Date "2024.01.04"]
[Round "4.3"]
[White "Nagy, Gabor"]
[Black "Wang, Isaac"]
[Result "1/2-1/2"]
[ECO "A21"]
[WhiteElo "2450"]
[BlackElo "2316"]
[Annotator "RC"]
[PlyCount "59"]
[EventDate "2023.12.14"]
[EventType "schev"]
[EventCountry "USA"]
[SourceTitle "playchess.com"]
[Source "ChessBase"]
[SourceQuality "1"]
[TimeControl "5400+30"]

1. c4 e5 2. Nc3 Bb4 3. Nd5 Be7 4. Nf3 c6 5. Nxe7 Qxe7 6. d4 e4 7. Nd2 d6 8. Nb1 Nf6 9. Nc3 Bf5 10. h3 h6 11. Bf4 g5 12. Bd2 Nbd7 13. e3 h5 14. Be2 h4 15. Qa4 Be6 16. Qc2 d5 17. cxd5 cxd5 18. Nb5 O-O 19. Qb3 a5 20. Rc1 b6 21. Qa3 Qxa3 22. bxa3 Rfc8 23. O-O Ne8 24. a4 Ndf6 25. Rxc8 Rxc8 26. Rc1 Kf8 27. Rxc8 Bxc8 28. Bc1 Ke7 29. Ba3+ Ke6 30. Kf1 1/2-1/2

[Event "1000GM Winter GM Norm-2 2024"]
[Site "Sunnyvale/"]
[Date "2024.01.04"]
[Round "4.4"]
[White "Amburgy, Ryan"]
[Black "Miezis, Normunds"]
[Result "1/2-1/2"]
[ECO "E11"]
[WhiteElo "2200"]
[BlackElo "2419"]
[Annotator "RC"]
[PlyCount "46"]
[EventDate "2023.12.14"]
[EventType "schev"]
[EventCountry "USA"]
[SourceTitle "playchess.com"]
[Source "ChessBase"]
[SourceQuality "1"]
[TimeControl "5400+30"]

1. d4 Nf6 2. c4 e6 3. Nf3 Bb4+ 4. Nbd2 O-O 5. a3 Be7 6. e4 d6 7. Be2 Nbd7 8. Qc2 e5 9. Nb1 exd4 10. Nxd4 Nc5 11. Nc3 Re8 12. f3 a5 13. Be3 a4 14. O-O Bd7 15. Rad1 Bf8 16. Kh1 g6 17. Rf2 h5 18. Bf1 Bg7 19. Ndb5 b6 20. Bg5 Ne6 21. Be3 Nc5 22. Bg5 Ne6 23. Be3 Nc5 1/2-1/2

[Event "1000GM Winter GM Norm-2 2024"]
[Site "Sunnyvale/"]
[Date "2024.01.04"]
[Round "4.5"]
[White "Guo, Andrew"]
[Black "Figueredo Losada, Leonel"]
[Result "1-0"]
[ECO "A62"]
[WhiteElo "2255"]
[BlackElo "2381"]
[Annotator "RC"]
[PlyCount "69"]
[EventDate "2023.12.14"]
[EventType "schev"]
[EventCountry "USA"]
[SourceTitle "playchess.com"]
[Source "ChessBase"]
[SourceQuality "1"]
[TimeControl "5400+30"]

1. d4 Nf6 2. c4 e6 3. Nf3 c5 4. d5 exd5 5. cxd5 d6 6. Nc3 g6 7. g3 Bg7 8. Bg2 O-O 9. O-O Re8 10. Bf4 Bf5 11. Nd2 Nh5 12. Be3 Nd7 13. Nc4 Nb6 14. Qb3 Nxc4 15. Qxc4 a6 16. a4 Qb6 17. Qa2 Nf6 18. Bf4 Ne4 19. a5 Qb4 20. Bxe4 Bxe4 21. Bxd6 Bf5 22. Rfe1 Bh3 23. e4 f5 24. e5 Qg4 25. Bxc5 f4 26. d6+ Kh8 27. Qd5 Rf8 28. d7 fxg3 29. hxg3 Qxd7 30. Qxd7 Bxd7 31. Bxf8 Rxf8 32. Rad1 Bc6 33. Nd5 Rd8 34. Ne7 Rxd1 35. Rxd1 1-0

[Event "1000GM Winter GM Norm-2 2024"]
[Site "Sunnyvale/"]
[Date "2024.01.04"]
[Round "4.6"]
[White "Shivakumar, Shawnak"]
[Black "Sheng, Joshua"]
[Result "1/2-1/2"]
[ECO "A40"]
[WhiteElo "2307"]
[BlackElo "2461"]
[Annotator "TA"]
[PlyCount "41"]
[EventDate "2023.12.14"]
[EventType "schev"]
[EventCountry "USA"]
[SourceTitle "playchess.com"]
[Source "ChessBase"]
[SourceQuality "1"]
[TimeControl "5400+30"]

1. d4 e6 2. c4 b6 3. Nc3 Bb7 4. e4 Bb4 5. f3 f5 6. exf5 Nh6 7. fxe6 Nf5 8. Bd3 {[%emt 0:00:06] A40: Unusual replies to 1 d4.} Qh4+ 9. Kf1 $1 O-O $1 10. a3 {[%emt 0:07:51] White is slightly better.} Bxc3 11. bxc3 {[%emt 0:02:44] [#]} Ng3+ $146 (11... dxe6 $11 {remains equal.} 12. Qe2 Kh8) ({Predecessor:} 11... dxe6 12. Qe2 Qf6 13. Nh3 Nd7 14. Bg5 Qf7 15. Bf4 e5 16. Bxe5 Rae8 17. Re1 Nxe5 18. dxe5 {½-½ Almeraya,E (2140)-Knoeppel,B (1923) SB-2016-0-00454}) 12. hxg3 $16 Qxh1 {[%emt 0:00:01] [#]} 13. e7 (13. Qe2 $1 $16) 13... Re8 $14 {[%emt 0:00:20] Black is weak on the dark squares} 14. Qe2 {[%emt 0:01:30] Active counter play!} (14. Bf4 $16) 14... Nc6 $11 {[%emt 0:08:02] The position is equal.} 15. Bg5 {[%emt 0:00:59] Re1 is the strong threat.} h6 16. d5 ({Don't go for} 16. Bh4 $2 g5 17. Qd2 (17. Qe4 Rxe7 18. Qd5+ Kh8 $19) 17... Rxe7 $19) 16... hxg5 17. dxc6 Bxc6 18. Bg6 {[%emt 0:00:47] [#] And now Re1 would win. The board is on fire.} Qh6 19. Bxe8 Rxe8 20. Re1 Qf6 21. g4 {[%emt 0:06:00] Weighted Error Value: White=0.28 (precise) /Black=0.14 (very precise)} (21. c5 $11) 1/2-1/2

[Event "1000GM Winter GM Norm-2 2024"]
[Site "Sunnyvale/"]
[Date "2024.01.05"]
[Round "4.7"]
[White "Liu, Eric"]
[Black "Galyas, Miklos"]
[Result "1/2-1/2"]
[ECO "B12"]
[WhiteElo "2332"]
[BlackElo "2423"]
[Annotator "RC"]
[PlyCount "40"]
[EventDate "2023.12.14"]
[EventType "schev"]
[EventCountry "USA"]
[SourceTitle "playchess.com"]
[Source "ChessBase"]
[SourceQuality "1"]
[TimeControl "5400+30"]

1. e4 c6 2. d4 d5 3. e5 c5 4. Nf3 cxd4 5. Qxd4 Nc6 6. Qf4 e6 7. Bd3 Nb4 8. Nc3 Nxd3+ 9. cxd3 Ne7 10. h4 h5 11. Bd2 Nf5 12. Ne2 Qb6 13. Bc3 Qa6 14. Qd2 Be7 15. Ned4 Nxd4 16. Bxd4 Bd7 17. O-O O-O 18. a4 Rac8 19. b3 b6 20. Rfc1 Rxc1+ 1/2-1/2

[Event "1000GM Winter GM Norm-2 2024"]
[Site "Sunnyvale/"]
[Date "2024.01.05"]
[Round "4.8"]
[White "Xu, Yi"]
[Black "Sathish, Pranav"]
[Result "1/2-1/2"]
[ECO "C54"]
[WhiteElo "2511"]
[BlackElo "2357"]
[Annotator "TA"]
[PlyCount "51"]
[EventDate "2023.12.14"]
[EventType "schev"]
[EventCountry "USA"]
[SourceTitle "playchess.com"]
[Source "ChessBase"]
[SourceQuality "1"]
[TimeControl "5400+30"]

1. e4 e5 2. Nf3 Nc6 3. Bc4 Bc5 4. O-O Nf6 5. d3 d6 6. c3 a5 {[%emt 0:00:01] C54: Giuoco Piano: 4 c3 Nf6, main lines with 5 d4 and 5 d3.} 7. Re1 (7. Bg5 $5 ) 7... O-O 8. h3 h6 {[%emt 0:00:56] The position is equal.} 9. Bb3 Be6 10. Ba4 Ba7 11. Nbd2 Ne7 (11... Rb8 $5 ) 12. d4 Ng6 13. Bc2 c6 14. Nf1 Qc7 15. Be3 Rad8 16. Ng3 {[%emt 0:04:01] [#]} Bb8 $146 ({Predecessor:} 16... b5 17. a4 b4 18. Qc1 c5 19. d5 Bc8 20. c4 Kh7 21. Nf5 Ng8 22. Kh2 f6 {1-0 Giri,A (2752)-Robson,R (2696) Saint Louis Blitz 2023 (3)}) 17. Qc1 {[%emt 0:24:53][%cal Oe3h6] And now Bxh6! would win.} (17. Qd2 $5 ) 17... Rfe8 18. a4 Qd7 19. Bd3 Qe7 (19... d5 {seems wilder.} 20. exd5 Nxd5 21. Bxg6 Nxe3 22. Qxe3 exd4 23. Nxd4 Bd5) 20. Qc2 Nf4 21. Bxf4 exf4 22. Nf1 Nh5 23. Rad1 Nf6 24. N1h2 d5 25. e5 Nd7 26. Rb1 {[%emt 0:07:54] Weighted Error Value: White=0.05 (flawless) /Black=0.08 (flawless)} 1/2-1/2

[Event "1000GM Winter GM Norm-2 2024"]
[Site "Sunnyvale/"]
[Date "2024.01.04"]
[Round "4.8"]
[White "Liu, Eric"]
[Black "Galyas, Miklos"]
[Result "*"]
[ECO "C54"]
[WhiteElo "2332"]
[BlackElo "2423"]
[Annotator "RC"]
[PlyCount "23"]
[EventDate "2023.12.14"]
[EventType "schev"]
[EventCountry "USA"]
[SourceTitle "playchess.com"]
[Source "ChessBase"]
[SourceQuality "1"]
[TimeControl "5400+30"]

1. e4 e5 2. Nf3 Nc6 3. Bc4 Bc5 4. O-O Nf6 5. d3 d6 6. c3 a5 7. Re1 O-O 8. h3 h6 9. Bb3 Be6 10. Ba4 Ba7 11. Nbd2 Ne7 12. d4 *